 Dungeon Crawl Stone Soup version 0.29-a0-565-g7a16c6de65 (webtiles) character file.

Game seed: 4598287547496781036

1415 Lekart the Cleaver (level 8, -1/106 HPs)
             Began as a Pale Draconian Chaos Knight on June 12, 2022.
             Was a Plaything of Xom.
             Succumbed to a killer bee's poison
             ... on level 6 of the Dungeon.
             The game lasted 00:06:01 (5798 turns).

Lekart the Cleaver (Pale Draconian Chaos Knight)    Turns: 5798, Time: 00:06:02

Health: -1/106     AC:  9    Str: 15    XL:     8   Next: 43%
Magic:  8/8        EV: 13    Int: 13    God:    Xom [...*..]
Gold:   330        SH:  0    Dex: 12    Spells: 7/7 levels left

rFire   + . .      SeeInvis .   c - +5 executioner's axe (flame)
rCold   + . .      Faith    .   (shield currently unavailable)
rNeg    . . .      Spirit   .   (body armour unavailable)
rPois   .          Reflect  .   (helmet restricted)
rElec   .          Harm     .   g - +2 cloak
rCorr   .          Rampage  .   (no gloves)
Will    .....                   (no boots)
Stlth   ..........              (no amulet)
HPRegen 0.27/turn               (no ring)
MPRegen 0.11/turn               (no ring)

@: berserking, lethally poisoned (-1 -> -8), unable to read, very quick
A: breathe steam, AC +6, unfitting armour, cold-blooded, steam resistance, cold
resistance 1, fire resistance 1, screaming 1, inability to read while threatened
a: Breathe Steam, Renounce Religion


You were on level 6 of the Dungeon.
You worshipped Xom.
You were a favourite toy of Xom.
You visited 1 branch of the dungeon, and saw 6 of its levels.

You collected 330 gold pieces.

Inventory:

Hand Weapons
 a - a +0 hand axe of chaos
 c - a +5 executioner's axe of flaming (weapon)
Armour
 g - a +2 cloak (worn)
Wands
 d - a wand of paralysis (16)
Scrolls
 h - a scroll of teleportation
 i - 2 scrolls of identify
 j - a scroll of magic mapping
Potions
 e - 2 potions of resistance
 k - a potion of lignification
Miscellaneous
 b - a piece from Xom's chessboard (15/15) (quivered)


   Skills:
 + Level 6.4 Fighting
 + Level 8.3 Axes
 * Level 4.8 Dodging
 + Level 0.3 Evocations


You had 7 spell levels left.
You didn't know any spells.
Your spell library contained the following spells:

 Spells                   Type           Power      Damage    Failure   Level
 Ensorcelled Hibernation  Hex/Ice        0%         N/A       43%         2
 Spider Form              Tmut/Pois      0%         N/A       67%         3
 Anguish                  Hex/Necr       0%         N/A       97%         4


Dungeon Overview and Level Annotations

Branches:
Dungeon (6/15)
 Temple: D:4-7

Altars:
Gozag
Kikubaaqudgha
Makhleb
Trog
Wu Jian
Xom


Innate Abilities, Weirdness & Mutations

You can breathe blasts of scalding, opaque steam.
Your pale cyan-grey scales are hard. (AC +6)
You cannot fit into any form of body armour.
You are cold-blooded and may be slowed by cold attacks.
You are immune to the effects of steam.
Your flesh is cold resistant. (rC+)
Your flesh is heat resistant. (rF+)
You occasionally shout uncontrollably at your foes.
You sometimes lose the ability to read scrolls when taking damage.


Message History

You are too injured to fight recklessly!
You are too injured to fight recklessly!
You miss the killer bee.
The killer bee is almost dead.
You feel sick. The killer bee stings you. The killer bee closely misses you. x2
You closely miss the killer bee.
The killer bee is almost dead.
You can read scrolls again.
You feel sick. The killer bee barely misses you. The killer bee misses you.
The killer bee closely misses you.
You closely miss the killer bee.
Your tail-slap misses the killer bee.
The killer bee is severely wounded.
You feel sick.
The killer bee stings you but does no damage.
The killer bee stings you!
You feel threatened and lose the ability to read scrolls!
* * * LOW HITPOINT WARNING * * *
The killer bee stings you.
* * * LOW HITPOINT WARNING * * *
You hit the killer bee. You burn the killer bee.
You tail-slap the killer bee, but do no damage.
The killer bee is almost dead.
You feel sick.
You are no longer poisoned.
The killer bee stings you but does no damage.
The killer bee misses you. The killer bee stings you.
* * * LOW HITPOINT WARNING * * *
You barely miss the killer bee.
The killer bee is almost dead.
You can read scrolls again.
The killer bee closely misses you. The killer bee stings you.
You feel threatened and lose the ability to read scrolls!
* * * LOW HITPOINT WARNING * * *
Xom thinks this is hilarious!
You are lethally poisoned!
The killer bee poisons you! The killer bee completely misses you.
A red film seems to cover your vision as you go berserk!
You feel yourself moving faster!
You feel mighty!
You die...
Xom roars with laughter!

#.........####..(.......
#........## #.......##
#.....##.# #.......##
#.....##..# #........#
###.#####.# ##...).#....
#<..## .. #........$..
###....#.##...........
###....#........##!
#....@....#.#
#...)y).....#
#####.......# ..#....##
....#...$ ....##.##.
...# . #...# .


You could see a killer bee.

Vanquished Creatures
  A golden eye (D:5)
  Menkaure (D:5)
  Edmund (D:4)
  2 ogres
  2 centaurs (D:5)
  2 phantoms
  A necrophage (D:5)
  2 hounds
  4 orc priests
  A jelly (D:5)
  An iguana (D:5)
  Jessica (D:2)
  An orc wizard (D:5)
  Ijyb (D:4)
  Robin (D:2)
  5 gnolls
  5 adders
  2 worms (D:2)
  15 orcs
  5 ball pythons
  2 bats
  3 endoplasms
  A giant cockroach (D:3)
  11 goblins
  6 hobgoblins
  3 jackals (D:3)
  2 quokkas
  3 frilled lizards (D:2)
  9 kobolds
  7 rats
101 creatures vanquished.

Vanquished Creatures (collateral kills)
  An endoplasm (D:1)
1 creature vanquished.

Grand Total: 102 creatures vanquished

Notes
Turn   | Place    | Note
-------+----------+-------------------------------------------
     0 | D:1      | Lekart the Draconian Chaos Knight began the quest for the
                  | Orb.
     0 | D:1      | Reached XP level 1. HP: 19/19 MP: 1/1
   151 | D:1      | XOM: silly message
   172 | D:1      | XOM: noise
   254 | D:1      | XOM: silly message
   306 | D:1      | XOM: summons 1 friendly demon
   545 | D:1      | XOM: potion effect (might)
   565 | D:1      | XOM: confusion
   579 | D:1      | Reached XP level 2. HP: 21/27 MP: 2/2
   808 | D:1      | XOM: silly message
   976 | D:1      | XOM: enchant monster (good)
  1040 | D:1      | You fall into a shaft and drop 1 floor!
  1063 | D:2      | Reached XP level 3. HP: 32/33 MP: 3/3
  1086 | D:2      | Noticed Jessica
  1090 | D:2      | Killed Jessica
  1099 | D:2      | Identified a scroll of acquirement
  1099 | D:2      | Acquired a +4 executioner's axe of flaming
  1180 | D:2      | XOM: divination: detect creatures
  1219 | D:2      | XOM: 1-stop teleportation journey
  1410 | D:2      | Reached XP level 4. HP: 41/41 MP: 4/4
  1507 | D:2      | Noticed Robin
  1512 | D:2      | Reached skill level 4 in Axes
  1512 | D:2      | Killed Robin
  1621 | D:2      | XOM: give mutations
  1621 | D:2      | Gained mutation: You sometimes lose the ability to read
                  | scrolls when taking damage. [Xom's mischief]
  1621 | D:2      | Gained mutation: Your large and strong wings let you fly.
                  | [Xom's mischief]
  1621 | D:2      | Lost mutation: Your large and strong wings let you fly.
                  | [Xom's mischief]
  1621 | D:2      | Gained mutation: You occasionally shout uncontrollably at
                  | your foes. [Xom's mischief]
  2323 | D:2      | XOM: give mutations
  2323 | D:2      | Gained mutation: You have a pair of small horns on your
                  | head. [Xom's grace]
  2323 | D:2      | Gained mutation: Your flesh is heat resistant. (rF+) [Xom's
                  | grace]
  2323 | D:2      | Gained mutation: Your flesh is cold resistant. (rC+) [Xom's
                  | grace]
  2344 | D:2      | XOM: silly message
  2361 | D:2      | XOM: god gift: plate armour {god gift}
  2437 | D:3      | XOM: enchant monster (bad)
  2500 | D:3      | Found an ornate altar of the Wu Jian Council.
  2530 | D:3      | Reached XP level 5. HP: 47/47 MP: 5/5
  2605 | D:3      | Found an ancient bone altar of Kikubaaqudgha.
  2716 | D:3      | XOM: polymorph rat -> orc
  2721 | D:3      | Reached skill level 5 in Fighting
  2863 | D:3      | Found a bloodstained altar of Trog.
  2963 | D:3      | XOM: 3-stop teleportation journey
  3082 | D:3      | XOM: cloud trail
  3265 | D:4      | Noticed an ogre
  3270 | D:4      | Killed an ogre
  3359 | D:4      | Reached skill level 5 in Axes
  3359 | D:4      | Reached XP level 6. HP: 21/56 MP: 6/6
  3416 | D:4      | Found an opulent altar of Gozag.
  3609 | D:5      | Entered Level 5 of the Dungeon
  3908 | D:4      | Noticed Ijyb
  3910 | D:4      | Paralysed by Ijyb for 5 turns
  3915 | D:4      | Killed Ijyb
  4087 | D:4      | Noticed Edmund
  4102 | D:4      | Killed Edmund
  4103 | D:4      | Reached skill level 6 in Axes
  4106 | D:4      | XOM: silly message
  4213 | D:4      | XOM: scenery: 1 doors open, 1 doors close
  4250 | D:4      | XOM: draining
  4317 | D:4      | XOM is BORED!
  4317 | D:4      | XOM: summons 3 hostile demons
  4394 | D:5      | Found a shimmering altar of Xom.
  4395 | D:5      | Noticed an ice beast
  4401 | D:5      | Noticed a golden eye
  4401 | D:5      | an ice beast changed into a golden eye
  4401 | D:5      | XOM: polymorph ice beast -> golden eye
  4402 | D:5      | XOM: repel stairs
  4405 | D:5      | Killed a golden eye
  4406 | D:5      | Your scales start taking on a pale cyan-grey colour.
  4406 | D:5      | Reached XP level 7. HP: 32/62 MP: 7/7
  4406 | D:5      | Gained mutation: You are immune to the effects of steam.
                  | [Pale Draconian growth]
  4635 | D:5      | Noticed Menkaure
  4639 | D:5      | Killed Menkaure
  4640 | D:5      | Reached skill level 7 in Axes
  4651 | D:5      | Found a burning altar of Makhleb.
  4687 | D:5      | XOM: summons 4 hostile demons
  4688 | D:5      | Noticed a red devil
  4688 | D:5      | Noticed a neqoxec
  4688 | D:5      | Noticed an orange demon
  4688 | D:5      | XOM: smoke on damage
  4695 | D:4      | XOM: give mutation
  4695 | D:4      | Lost mutation: You have a pair of small horns on your head.
                  | [Xom's mischief]
  4953 | D:5      | Reached XP level 8. HP: 70/70 MP: 8/8
  5455 | D:5      | Reached skill level 8 in Axes
  5797 | D:6      | HP: 1/71 [killer bee (6)]
  5798 | D:6      | Succumbed to a killer bee's poison

Illustrated notes

Levels and vault maps discovered:
D:1:      psy_arrival_radial02, layout_basic
D:2:      layout_basic, uniq_robin, uniq_jessica
D:3:      layout_basic, mainiacjoe_overflow_six_doors_small,
          mainiacjoe_overflow_surrounded_room, mainiacjoe_overflow_brackets,
          kennysheep_potato
D:4:      layout_gridville, grunt_gozag_breadcrumbs, uniq_edmund, uniq_ijyb
D:5:      layout_basic, makhleb_heckhound_becter, brannock_xom_greatest_gift,
          kennysheep_boxes, uniq_menkaure
D:6:      layout_rooms

Skill      XL: |  1  2  3  4  5  6  7  8 |
---------------+-------------------------+-----
Fighting       | 4 5 6 |  6.4
Axes           | 4 5 6 7 8 |  8.3
Dodging        | 3 4 |  4.8
Evocations     | |  0.3

Action                   |  1- 3 |  4- 6 |  7- 9 || total
-------------------------+-------+-------+-------++-------
Melee: Hand axe          |    72 |       |       ||    72
       Tailslap          |     3 |    13 |     8 ||    24
       Executioner's axe |     4 |   104 |    66 ||   174
       Headbutt          |       |    10 |     1 ||    11
 Abil: Breathe Steam     |       |       |     4 ||     4
Evoke: Piece from Xom's  |     5 |       |     1 ||     6
  Use: Scroll            |     2 |     9 |     1 ||    12
       Potion            |       |     5 |     1 ||     6
 Stab: Petrified         |     2 |       |       ||     2
       Sleeping          |     1 |     2 |       ||     3
Armor: Skin              |    22 |    51 |    28 ||   101
Dodge: Dodged            |    38 |    88 |    77 ||   203

Table legend: (Time is in decaauts)
 A = Elapsed time spent in this place.
 B = Non-inter-level travel time spent in this place.
 C = Inter-level travel time spent in this place.
 D = Time resting spent in this place.
 E = Time spent auto-exploring this place.
 F = Levels seen in this place.
 G = Mean time per level.
                   A        B        C        D        E       F      G
               +--------+--------+--------+--------+--------+-----+--------+
         Total |   5901 |   5777 |    124 |    664 |   4346 |   6 |  983.5 |
       Dungeon |   5901 |   5777 |    124 |    664 |   4346 |   6 |  983.5 |
               +--------+--------+--------+--------+--------+-----+--------+

Top non-repeatable levels by time:
     D:2: 1389 daAuts
     D:4: 1378 daAuts
     D:5: 1178 daAuts
     D:1: 1048 daAuts
     D:3: 850 daAuts
     D:6: 56 daAuts
